AoeStats
← Gusta!

Arena

509483756Analyzed
4v4 RM · 4d ago on Sep 26, 2026· 55m 56s· 8 players
Game mode
Random Map
Map size
Large (8 player)
Population
200
Speed
Normal
Resources
Standard
Victory
Conquest
Starting age
Dark Age
Ending age
Imperial Age
RankedLock teamsTeams togetherTeam positionsShared explorationLock speedFull tech treeHidden civsTurbo modeCheats
Victory
Defeat
🇺🇸 Aztecs · United States
737
+15
🇧🇷 Varangians · Brazil
663
+18
🇧🇷 Khitans · Brazil
628
+19
🇧🇷 Vikings · Brazil
615
+19
🇲🇽 Britons · Mexico
725
-19
🇺🇸 Ethiopians · United States
702
-18
🇨🇷 Persians · Costa Rica
692
-17
🇳🇿 Bohemians · New Zealand
674
-17
zKiNGvSTON4z
13:33 Feudal Age
13:55 Horse Collar
14:09 Double-Bit Axe
15:06 Wheelbarrow
23:21 Castle Age
24:03 Heavy Plow
24:19 Bow Saw
24:34 Hand Cart
25:48 Forging
25:40 Elite Skirmisher
26:08 Pikeman
27:38 Hand Cart
29:35 Squires
33:04 Chemistry
34:26 Fervor
37:11 Imperial Age
35:09 Arson
39:45 Fletching
39:56 Padded Archer Armor
40:54 Halberdier
46:31 Conscription
Smurfm4n87
0:53 Loom
12:01 Feudal Age
12:54 Double-Bit Axe
13:45 Town Watch
16:57 Forging
16:38 Fletching
17:40 Padded Archer Armor
17:42 Scale Mail Armor
20:22 Man-at-Arms
26:00 Castle Age
24:22 Arson
26:30 Wheelbarrow
25:40 Horse Collar
27:09 Town Patrol
27:38 Caravan
27:49 Crossbowman
28:35 Heavy Plow
29:44 Bow Saw
30:24 Thumb Ring
31:03 Fortified Wall
32:01 Squires
32:53 Ballistics
32:48 Bodkin Arrow
33:08 Leather Archer Armor
34:00 Hand Cart
37:22 Sanctity
36:33 Elite Skirmisher
38:45 Royal Heirs
43:09 Iron Casting
48:34 Imperial Age
46:34 Chain Mail Armor
48:43 Elite Shotel Warrior
50:33 Chemistry
51:24 Arbalester
55:10 Blast Furnace
54:41 Plate Mail Armor
53:53 Halberdier
wigfunk
1:37 Loom
10:35 Feudal Age
19:36 Castle Age
18:03 Double-Bit Axe
20:08 Wheelbarrow
25:02 Town Watch
28:01 Elite Skirmisher
35:49 Fletching
37:08 Hand Cart
37:29 Yeomen
38:53 Treadmill Crane
39:34 Ballistics
40:32 Murder Holes
43:28 Bow Saw
43:34 Bodkin Arrow
45:38 Pikeman
Wobbuffet3383
0:40 Loom
2:06 Loom
11:29 Feudal Age
12:00 Horse Collar
12:07 Double-Bit Axe
12:22 Gold Mining
18:54 Stone Mining
19:20 Fletching
24:06 Castle Age
24:05 Crossbowman
29:25 Pikeman
30:06 Squires
29:51 Arson
31:10 Padded Archer Armor
33:20 Wheelbarrow
32:30 Town Watch
33:06 Kamandaran
42:41 Imperial Age
44:17 Onager
Gusta!
10:54 Feudal Age
19:06 Double-Bit Axe
19:03 Horse Collar
21:35 Castle Age
20:27 Forging
20:07 Fletching
20:17 Scale Mail Armor
22:54 Arson
24:52 Squires
24:39 Gambesons
31:30 Loom
32:21 Wheelbarrow
31:31 Town Watch
32:33 Bodkin Arrow
37:17 Heated Shot
38:18 Ballistics
38:09 Fortified Wall
40:26 Bow Saw
41:03 Padded Archer Armor
45:23 Treadmill Crane
46:41 Hand Cart
48:48 Town Patrol
53:02 Imperial Age
51:54 Hand Cart
52:05 Town Patrol
52:05 Murder Holes
53:44 Bracer
54:20 Iron Casting
56:09 Chemistry
SoulCrush
14:33 Feudal Age
12:49 Loom
21:29 Castle Age
21:35 Castle Age
20:04 Double-Bit Axe
20:02 Domestication
20:15 Stone Mining
33:43 Bow Saw
33:26 Gold Mining
34:12 Stone Shaft Mining
34:11 Pastoralism
42:07 Imperial Age
42:23 Elite Steppe Lancer
43:03 Elite Fire Lancer
46:20 Elite Liao Dao
52:46 Ordo Cavalry
53:34 Forging
53:30 Scale Barding Armor
55:56 Masonry
56:08 Ballistics
56:48 Chemistry
56:15 Chain Barding Armor
56:31 Iron Casting
56:36 Wheelbarrow
57:08 Two-Man Saw
TIAO MARMITA
12:28 Feudal Age
13:40 Horse Collar
24:02 Castle Age
23:05 Gold Mining
26:19 Gold Shaft Mining
31:10 Imperial Age
32:23 Imperial Age
31:52 Double-Bit Axe
33:49 Forging
33:39 Scale Mail Armor
35:51 Chain Mail Armor
36:12 Iron Casting
37:23 Pikeman
42:02 Blast Furnace
52:19 Plate Mail Armor
52:05 Bow Saw
52:14 Stone Mining
52:11 Heavy Scorpion
TallMan00
0:33 Loom
10:48 Feudal Age
12:37 Wheelbarrow
12:45 Double-Bit Axe
12:51 Horse Collar
22:53 Castle Age
21:04 Stone Mining
23:54 Heavy Plow
24:08 Bow Saw
25:30 Stone Shaft Mining
25:26 Scale Mail Armor
24:49 Pikeman
25:30 Squires
27:21 Hand Cart
30:50 Town Watch
32:04 Gold Mining
34:04 Treadmill Crane
34:21 Murder Holes
34:30 Fletching
34:52 Forging
34:48 Scale Barding Armor
34:43 Padded Archer Armor
34:45 Man-at-Arms
35:10 Gambesons
35:11 Arson
35:55 Husbandry
36:05 Bloodlines
39:30 Imperial Age
37:28 Chain Barding Armor
37:43 Iron Casting
39:24 Chain Mail Armor
39:04 Bodkin Arrow
39:36 Capped Ram
39:39 Elite Jarl
40:43 Conscription
42:38 Plate Barding Armor
43:14 Gothikon
48:26 Blast Furnace
47:26 Bracer
52:21 Plate Mail Armor
52:06 Leather Archer Armor
Connection lost

Rejoining the realm…

Still unreachable

The connection could not be restored.

Session expired

The server has moved on; the page needs a fresh start.